Map: Fields of Death

Players

Tenonee

  • Race: Zerg Zerg
  • League: Diamond

CrankyPants

  • Race: Zerg Zerg
  • League: Diamond

Bankorok - Winner!

  • Race: Protoss Protoss
  • League: Diamond

DevilDog - Winner!

  • Race: Protoss Protoss
  • League: Diamond

VOD

Have the link to the VOD?

Description

Time

  • Played on: July 29, 2016, 10:27 a.m.
  • Length: 15:53
Show
View Real Time Build Order
Export as new Build Order

Tenonee Zerg 

Build Orders: Hatch First 

Get SALT Encoding   

  12  0:02  Drone  
  13  0:13  Overlord  
  13  0:19  Drone  
  14  0:32  Drone x2  
  16  0:37  Drone  
  17  0:47  Drone  
  18  1:03  Hatchery  
  17  1:06  Extractor  
  16  1:22  Spawning Pool  
  14  2:02  Hatchery  
  15  2:16  Queen  
  15  2:17  Zergling x6  
  20  2:38  Drone  
  20  2:39  Overlord  
  21  2:44  Hatchery  
  20  2:52  Metabolic Boost  
  20  2:57  Drone, Roach Warren  
  20  3:06  Drone  
  21  3:13  Drone  
  21  3:15  Queen  
  24  3:36  Drone x4  
  28  3:47  Overlord  
  27  3:55  Queen  
  29  4:03  Queen  
  29  4:05  Drone x3  
  34  4:22  Zergling x2  
  35  4:25  Drone x3  
  35  4:26  Drone  
  39  4:52  Spore Crawler  
  38  4:54  Spore Crawler  
  38  4:55  Drone x3  
  38  4:56  Drone x2  
  42  5:04  Hatchery  
  42  5:06  Overlord x2  
  41  5:24  Lair  
  41  5:26  Drone  
  41  5:27  Drone x5  
  47  5:39  Pneumatized Carapace  
  47  5:41  Overlord  
  47  5:45  Extractor  
  47  5:46  Extractor  
  47  5:47  Extractor  
  43  5:52  Drone x3  
  43  5:54  Drone x3  
  43  5:56  Drone x2  
  51  5:59  Overlord  
  51  6:16  Queen  
  53  6:25  Evolution Chamber, Drone x2  
  53  6:26  Evolution Chamber, Drone x7  
  60  6:45  Glial Reconstitution  
  60  6:50  Overlord, Hydralisk Den  
  60  6:52  Overlord  
  60  6:54  Extractor x2  
  58  6:56  Zerg Missile Weapons Level 1  
  58  7:01  Drone x2, Spore Crawler  
  56  7:02  Drone x6  
  64  7:19  Zerg Ground Armor Level 1  
  64  7:21  Muscular Augments  
  64  7:33  Drone x2  
  64  7:34  Drone x2  
  64  7:35  Overlord x2  
  68  7:55  Infestation Pit  
  67  7:59  Overlord  
  67  8:00  Overlord  
  67  8:09  Hydralisk  
  67  8:10  Hydralisk x4, Roach x3  
  67  8:11  Hydralisk, Roach x5  
  67  8:12  Roach  
  97  8:28  Hydralisk  
  97  8:30  Hydralisk x5  
  109  8:38  Hydralisk x2  
  109  8:40  Overlord  
  109  8:41  Overlord x2  
  113  8:46  Hydralisk  
  114  8:57  Overlord x3  
  114  9:01  Zerg Missile Weapons Level 2  
  114  9:05  Hydralisk x4  
  122  9:16  Hydralisk x4  
  130  9:27  Lurker Den  
  130  9:32  Hydralisk, Hive  
  130  9:33  Hydralisk x2  
  136  9:56  Hydralisk  
  136  9:57  Hydralisk x8  
  142  10:16  Overlord x2  
  126  10:22  Hydralisk x7  
  126  10:27  Hydralisk  
  136  10:34  Zerg Ground Armor Level 2  
  134  10:46  Hydralisk x5  
  144  11:12  Spire  
  143  11:23  Hatchery  
  143  11:24  Extractor x2, Overlord x2  
  143  11:25  Overlord  
  140  11:26  Zerg Missile Weapons Level 3  
  140  11:27  Hydralisk x5  
  150  11:43  Hydralisk x4  
  138  12:07  Hydralisk  
  138  12:08  Hydralisk x7  
  140  12:17  Drone x3  
  140  12:18  Drone x3  
  140  12:19  Drone x4  
  140  12:20  Drone  
  125  12:38  Hydralisk  
  125  12:39  Hydralisk x6  
  139  12:50  Queen  
  141  13:12  Queen x2  
  141  13:15  Zerg Ground Armor Level 3  
  145  13:32  Zerg Flyer Weapons Level 1  
  145  13:33  Mutalisk x6  
  145  13:34  Mutalisk  
  158  13:50  Mutalisk  
  158  13:51  Mutalisk x2  
  164  13:57  Infestor  
  166  14:05  Mutalisk x2  
  170  14:18  Mutalisk x2  
  170  14:21  Zergling x2  
  170  14:22  Zergling x36  
  152  14:53  Mutalisk  
  152  14:54  Mutalisk x7  
  159  15:05  Hydralisk x4  
  150  15:22  Hydralisk x2  
  150  15:23  Hydralisk x5  
Show
View Real Time Build Order
Export as new Build Order

CrankyPants Zerg 

Build Orders: Pool First 

Get SALT Encoding   

  12  0:01  Drone  
  13  0:12  Overlord  
  13  0:17  Drone  
  14  0:30  Drone x2  
  14  0:34  Drone  
  17  0:47  Spawning Pool  
  17  0:48  Drone  
  17  0:55  Drone  
  18  1:01  Extractor  
  17  1:06  Drone  
  18  1:17  Drone  
  19  1:24  Hatchery  
  18  1:40  Overlord  
  18  1:47  Queen  
  18  1:50  Zergling x4  
  22  2:01  Metabolic Boost  
  22  2:06  Zergling x2  
  23  2:19  Drone  
  24  2:23  Queen  
  26  2:30  Drone  
  27  2:38  Drone x2  
  27  2:39  Queen  
  31  2:49  Drone  
  31  2:50  Drone  
  33  2:54  Roach Warren  
  32  3:00  Overlord  
  32  3:14  Queen  
  34  3:20  Drone x2  
  34  3:21  Drone x4  
  40  3:36  Lair  
  40  3:39  Extractor  
  39  3:41  Evolution Chamber  
  39  3:44  Evolution Chamber  
  37  3:51  Overlord  
  37  3:59  Roach x3  
  43  4:13  Zerg Missile Weapons Level 1  
  43  4:15  Roach  
  43  4:16  Roach x2  
  49  4:17  Overlord x2  
  49  4:19  Overlord  
  49  4:42  Zerg Ground Armor Level 1  
  49  4:44  Zergling x4  
  49  4:45  Zergling x8  
  55  4:47  Spore Crawler  
  55  4:50  Spore Crawler  
  50  5:01  Drone x2  
  50  5:02  Drone x3  
  46  5:37  Hatchery  
  45  5:46  Glial Reconstitution  
  45  5:53  Drone x4  
  45  5:55  Extractor  
  45  5:56  Extractor  
  47  6:04  Spore Crawler  
  47  6:06  Roach x3  
  47  6:07  Roach x3  
  58  6:13  Spore Crawler  
  55  6:37  Zerg Missile Weapons Level 2, Zerg Ground Armor Level 2  
  55  6:49  Drone  
  55  6:50  Drone x3  
  59  7:03  Drone x2  
  59  7:04  Drone  
  59  7:07  Drone  
  63  7:11  Drone  
  64  7:17  Drone  
  64  7:18  Drone  
  66  7:27  Infestation Pit  
  66  7:30  Ravager x3  
  66  7:31  Ravager  
  66  7:32  Ravager  
  66  7:33  Ravager  
  66  7:34  Ravager  
  66  7:36  Ravager  
  73  7:52  Spore Crawler  
  73  7:53  Spore Crawler  
  73  7:55  Drone x3  
  73  7:56  Drone x2  
  73  7:57  Drone  
  72  8:17  Drone x3  
  72  8:18  Drone x4  
  73  9:03  Hive  
  73  9:17  Spore Crawler  
  73  9:19  Hatchery, Spore Crawler  
  73  9:21  Spore Crawler  
  69  9:29  Spire  
  68  9:34  Overseer  
  68  9:40  Overseer  
  68  10:28  Hydralisk Den  
  67  10:43  Extractor  
  67  10:45  Extractor, Corruptor x4  
  67  10:48  Overlord x5  
  73  10:55  Zerg Flyer Weapons Level 1  
  73  10:57  Zerg Missile Weapons Level 3, Zerg Ground Armor Level 3  
  73  11:05  Ravager  
  73  11:06  Ravager x2  
  76  11:13  Drone x3  
  76  11:14  Drone x2  
  76  11:15  Drone  
  76  11:16  Corruptor x6  
  94  11:32  Muscular Augments  
  94  11:36  Drone x4  
  94  11:37  Drone x2  
  100  12:05  Corruptor x4  
  99  12:43  Corruptor x6  
  109  12:49  Zerg Flyer Weapons Level 2  
  111  12:57  Drone  
  111  12:58  Drone x2  
  114  13:15  Overlord x3  
  114  13:16  Overlord  
  114  13:17  Overlord  
  114  14:08  Hatchery, Hydralisk x9  
  114  14:09  Hydralisk  
  133  14:29  Hydralisk x2  
  133  14:30  Hydralisk x3  
  127  14:57  Hydralisk x3  
  127  14:58  Hydralisk x2  
  137  15:06  Overlord x4  
Show
View Real Time Build Order
Export as new Build Order

Bankorok Protoss - Winner!

Build Orders: Oracle Opening 

Get SALT Encoding   

  12  0:01  Probe (Chrono Boost)  
  13  0:11  Probe (Chrono Boost)  
  14  0:18  Pylon  
  14  0:27  Probe (Chrono Boost)  
  15  0:38  Probe (Chrono Boost)  
  16  0:51  Probe (Chrono Boost)  
  17  1:02  Probe (Chrono Boost)  
  17  1:04  Forge  
  17  1:11  Gateway  
  17  1:12  Probe (Chrono Boost)  
  18  1:23  Probe (Chrono Boost)  
  19  1:33  Probe (Chrono Boost)  
  19  1:39  Nexus  
  20  2:05  Pylon  
  20  2:10  Probe (Chrono Boost)  
  20  2:13  Pylon  
  21  2:17  Assimilator  
  21  2:20  Assimilator  
  21  2:21  Cybernetics Core  
  21  2:37  Probe (Chrono Boost)  
  22  2:46  Pylon  
  22  2:55  Probe (Chrono Boost)  
  22  2:56  Probe (Chrono Boost)  
  24  3:04  Photon Cannon  
  24  3:06  Photon Cannon  
  24  3:11  Probe (Chrono Boost)  
  24  3:12  Probe (Chrono Boost)  
  25  3:18  Stargate  
  25  3:23  Probe x2 (Chrono Boost)  
  25  3:25  Assimilator  
  27  3:29  Assimilator  
  27  3:33  Probe x2 (Chrono Boost)  
  29  3:41  Warp Gate  
  29  3:42  Adept  
  29  3:44  Probe x2 (Chrono Boost)  
  33  3:55  Probe x2 (Chrono Boost)  
  35  3:57  Oracle  
  38  4:05  Stalker  
  42  4:10  Probe x2 (Chrono Boost)  
  42  4:22  Probe x2 (Chrono Boost)  
  44  4:25  Pylon  
  44  4:31  Stalker  
  46  4:39  Phoenix  
  46  4:41  Probe x2 (Chrono Boost)  
  52  4:53  Probe (Chrono Boost)  
  52  4:54  Probe (Chrono Boost)  
  52  4:59  Oracle  
  53  5:07  Probe (Chrono Boost)  
  53  5:12  Stargate  
  53  5:15  Stargate  
  53  5:18  Pylon  
  53  5:21  Pylon  
  53  5:26  Pylon  
  53  5:29  Void Ray  
  57  5:40  Robotics Facility  
  57  5:55  Void Ray  
  61  5:58  Void Ray  
  65  6:07  Nexus  
  65  6:31  Void Ray  
  65  6:33  Pylon  
  65  6:36  Void Ray  
  65  6:38  Pylon  
  73  6:50  Probe x2 (Chrono Boost)  
  75  6:57  Robotics Bay  
  77  7:01  Gateway  
  77  7:02  Probe x2 (Chrono Boost)  
  77  7:04  Gateway  
  77  7:06  Void Ray  
  81  7:13  Void Ray  
  81  7:14  Probe x2 (Chrono Boost)  
  87  7:23  Void Ray  
  91  7:52  Gateway  
  91  8:14  Void Ray  
  91  8:15  Void Ray  
  88  8:20  Void Ray  
  100  9:01  Void Ray x2  
  100  9:04  Disruptor  
  100  9:07  Void Ray  
  115  9:13  Probe x2 (Chrono Boost)  
  115  9:14  Assimilator  
  117  9:18  Assimilator  
  117  9:20  Pylon  
  117  9:24  Pylon  
  117  9:26  Pylon  
  118  9:38  Probe (Chrono Boost), Pylon  
  118  9:41  Pylon  
  118  9:43  Disruptor  
  121  9:47  Pylon  
  121  9:51  Pylon  
  121  9:54  Pylon  
  121  9:58  Pylon  
  121  9:59  Void Ray x2  
  121  10:04  Void Ray  
  133  10:33  Observer  
  134  10:36  Void Ray x2  
  142  10:45  Void Ray  
  146  10:54  Probe (Chrono Boost)  
  146  10:55  Probe x2 (Chrono Boost)  
  149  10:59  Gateway  
  149  11:01  Gateway  
  149  11:04  Gateway  
  149  11:05  Probe (Chrono Boost)  
  149  11:06  Gateway  
  149  11:07  Probe x2 (Chrono Boost)  
  149  11:09  Photon Cannon, Disruptor  
  149  11:11  Photon Cannon  
  155  11:18  Cybernetics Core  
  155  11:20  Twilight Council  
  155  11:22  Fleet Beacon  
  155  11:23  Protoss Shields Level 1  
  155  11:39  Nexus  
  153  12:40  Void Ray x3  
  153  12:42  Pylon  
  153  12:45  Pylon  
  153  12:48  Protoss Air Armor Level 1  
  153  12:50  Protoss Air Weapons Level 1  
  165  12:55  Assimilator  
  165  12:59  Assimilator  
  165  13:04  Pylon  
  165  13:08  Observer Gravitic Boosters  
  165  13:13  Disruptor  
  165  13:15  Adept x3  
  165  13:16  Adept x5  
  184  13:45  Photon Cannon  
  184  13:46  Photon Cannon  
  184  13:50  Photon Cannon  
  184  13:52  Photon Cannon  
  184  13:54  Photon Cannon  
  184  13:59  Pylon  
  184  14:05  Anion Pulse-Crystals  
  184  14:10  Stargate  
  184  14:14  Stargate  
  184  14:15  Pylon  
  184  14:18  Pylon  
  184  14:27  Stargate  
  180  14:53  Adept  
  180  14:54  Adept x4  
  180  14:55  Adept x2  
Show
View Real Time Build Order
Export as new Build Order

DevilDog Protoss - Winner!

Build Orders: Cannon Rush 

Get SALT Encoding   

  12  0:00  Probe (Chrono Boost)  
  13  0:11  Probe (Chrono Boost)  
  14  0:22  Pylon  
  14  0:23  Probe (Chrono Boost)  
  15  0:41  Probe (Chrono Boost)  
  16  0:43  Forge  
  16  0:51  Probe (Chrono Boost)  
  17  1:02  Probe (Chrono Boost)  
  18  1:05  Pylon  
  18  1:12  Probe (Chrono Boost)  
  19  1:24  Photon Cannon  
  19  1:27  Pylon  
  19  1:30  Photon Cannon  
  19  1:40  Photon Cannon  
  18  2:02  Photon Cannon  
  18  2:16  Assimilator  
  18  2:18  Assimilator  
  18  2:24  Gateway  
  18  2:25  Photon Cannon  
  18  2:31  Pylon  
  17  2:51  Probe (Chrono Boost)  
  18  2:59  Nexus  
  18  3:10  Cybernetics Core  
  18  3:12  Probe (Chrono Boost)  
  19  3:19  Pylon  
  19  3:23  Probe (Chrono Boost)  
  19  3:26  Assimilator  
  20  3:33  Probe (Chrono Boost), Warp Gate  
  21  3:45  Probe (Chrono Boost)  
  22  3:49  Gateway  
  23  3:57  Probe (Chrono Boost)  
  23  4:09  Probe (Chrono Boost)  
  24  4:17  Stargate  
  24  4:19  Probe (Chrono Boost)  
  24  4:21  Probe (Chrono Boost)  
  26  4:25  Pylon  
  26  4:30  Probe (Chrono Boost)  
  27  4:33  Probe (Chrono Boost)  
  28  4:39  Sentry  
  28  4:40  Probe (Chrono Boost)  
  28  4:41  Stalker  
  33  4:51  Probe (Chrono Boost)  
  33  4:52  Probe (Chrono Boost)  
  35  5:01  Probe (Chrono Boost)  
  35  5:04  Probe (Chrono Boost), Void Ray  
  41  5:12  Probe (Chrono Boost)  
  42  5:16  Probe (Chrono Boost)  
  43  5:23  Probe (Chrono Boost)  
  45  5:28  Probe (Chrono Boost)  
  45  5:36  Nexus  
  45  5:41  Pylon  
  45  5:50  Void Ray  
  49  5:57  Stargate  
  49  5:58  Probe (Chrono Boost)  
  49  5:59  Probe (Chrono Boost)  
  49  6:00  Assimilator  
  51  6:08  Probe (Chrono Boost)  
  54  6:12  Mothership Core (Chrono Boost)  
  54  6:14  Zealot  
  54  6:18  Zealot  
  58  6:19  Probe (Chrono Boost)  
  59  6:29  Probe (Chrono Boost)  
  59  6:32  Probe (Chrono Boost)  
  62  6:40  Probe (Chrono Boost)  
  62  6:41  Pylon  
  62  6:44  Pylon  
  62  6:47  Void Ray, Pylon  
  62  6:49  Probe x2 (Chrono Boost)  
  62  6:50  Probe (Chrono Boost)  
  69  6:59  Probe (Chrono Boost), Robotics Facility  
  71  7:01  Probe (Chrono Boost)  
  71  7:05  Probe (Chrono Boost)  
  72  7:10  Probe (Chrono Boost)  
  72  7:13  Probe (Chrono Boost), Void Ray  
  79  7:15  Probe (Chrono Boost)  
  79  7:20  Probe (Chrono Boost)  
  80  7:25  Probe (Chrono Boost)  
  80  7:26  Probe (Chrono Boost)  
  80  7:27  Assimilator  
  80  7:29  Zealot  
  84  7:30  Assimilator  
  84  7:31  Probe (Chrono Boost)  
  84  7:36  Void Ray  
  89  7:43  Probe (Chrono Boost)  
  89  7:44  Probe x2 (Chrono Boost)  
  92  7:47  Observer  
  92  7:50  Robotics Bay  
  93  7:54  Probe (Chrono Boost)  
  93  7:57  Probe x2 (Chrono Boost)  
  96  8:04  Probe (Chrono Boost)  
  97  8:07  Void Ray  
  97  8:08  Pylon  
  101  8:12  Pylon  
  101  8:26  Observer  
  102  8:27  Void Ray  
  102  8:30  Stargate  
  106  8:47  Observer  
  105  9:01  Fleet Beacon  
  105  9:03  Disruptor  
  105  9:04  Stargate  
  105  9:06  Stargate  
  108  9:19  Probe (Chrono Boost)  
  108  9:20  Gateway  
  108  9:23  Gateway  
  109  9:24  Gateway  
  109  9:25  Void Ray x2  
  117  9:32  Pylon  
  117  9:35  Nexus  
  117  9:36  Pylon  
  117  9:37  Pylon  
  117  9:39  Pylon  
  117  9:40  Pylon  
  117  9:43  Assimilator  
  115  9:46  Assimilator  
  115  9:47  Stalker  
  115  9:50  Void Ray, Pylon  
  115  9:52  Pylon  
  117  10:07  Adept  
  117  10:11  Disruptor  
  122  10:32  Void Ray x4  
  122  10:33  Void Ray  
  142  10:44  Disruptor  
  145  10:52  Stalker x2  
  145  10:54  Probe (Chrono Boost)  
  145  10:55  Probe x2 (Chrono Boost)  
  152  11:07  Twilight Council  
  152  11:08  Stargate  
  152  11:15  Void Ray  
  156  11:22  Void Ray x3  
  168  11:39  Graviton Catapult  
  168  11:48  Photon Cannon  
  168  11:51  Photon Cannon  
  162  11:54  Photon Cannon  
  162  11:56  Photon Cannon  
  147  12:07  Void Ray  
  134  12:09  Void Ray x3  
  134  12:10  Void Ray  
  134  12:13  Stalker  
  134  12:14  Zealot x2, Stalker x2  
  164  12:18  Observer  
  161  12:34  Disruptor  
  152  12:45  Carrier  
  152  12:48  Probe x3 (Chrono Boost)  
  152  12:49  Probe (Chrono Boost)  
  156  12:57  Carrier  
  168  13:00  Zealot  
  168  13:01  Zealot x4  
  178  13:05  Disruptor  
  178  13:07  Gateway  
  178  13:08  Gateway  
  181  13:17  Nexus  
  181  13:22  Pylon  
  181  13:24  Pylon  
  181  13:36  Disruptor  
  181  13:37  Pylon  
  181  13:41  Adept x5, Assimilator  
  185  13:44  Assimilator  
  194  13:49  Pylon  
  194  13:50  Pylon  
  194  14:05  Carrier  
  194  14:08  Pylon  
  200  14:10  Pylon  
  200  14:12  Pylon  
  200  14:15  Pylon  
  200  14:16  Pylon  
  200  14:17  Pylon  
  200  14:21  Forge  
  200  14:23  Forge  
  156  14:43  Adept  
  156  14:44  Adept x3  
  156  14:45  Adept x3  
  166  14:53  Assimilator  
  166  14:54  Observer  
  179  15:15  Cybernetics Core  
Tags
 
Add a new tag
Caveats
  • Supply blocks, unpowered buildings, or Contaminate may cause inaccurate times.
  • Supply counts are checked every 10 seconds.